 Dungeon Crawl Stone Soup version 0.31-a0-175-g9f7f995f2b (webtiles) character file.

Game seed: 5641487265663253554

63 qw the Shooter (level 4, -1/39 HPs)
             Began as a Naga Hunter on June 17, 2023.
             Slain by Grinder (5 damage)
             ... on level 3 of the Dungeon.
             The game lasted 00:00:35 (1546 turns).

qw the Shooter (Naga Hunter)                        Turns: 1546, Time: 00:00:35

Health: -1/39      AC:  2    Str: 14    XL:     4   Next: 10%
Magic:  4/4        EV:  9    Int:  9    God:
Gold:   86         SH:  0    Dex: 16    Spells: 3/3 levels left

rFire   . . .        Y - +0 shortbow
rCold   . . .        (shield currently unavailable)
rNeg    . . .        c - +0 leather armour
rPois   +            (no helmet)
rElec   .            (no cloak)
rCorr   .            (no gloves)
SInv    +            (no barding)
Will    .....        (no amulet)
Stlth   ++           f - +4 ring of slaying {mikee}
HPRegen 0.26/turn    (no ring)
MPRegen 0.09/turn

%: no passive effects
@: very slow
A: AC +1, large, see invisible, deformed body, poison resistance, slowness 2,
spit poison 1, naga tail 1
a: Spit Poison


You were on level 3 of the Dungeon.
You visited 1 branch of the dungeon, and saw 3 of its levels.

You collected 86 gold pieces.


Innate Abilities, Weirdness & Mutations

Your serpentine skin is tough. (AC +1)
You have supernaturally acute eyesight. (SInv)
Armour fits poorly on your strangely shaped body.
Your system is resistant to poisons. (rPois)
You cover ground very slowly.
You can spit poison.
You have a snake-like lower body.


   Skills:
 + Level 2.1 Fighting
 - Level 5.0 Ranged Weapons
 - Level 1.5 Dodging
 - Level 1.5 Stealth


You had 3 spell levels left.
You didn't know any spells.
Your spell library was empty.

Inventory:

Hand Weapons
 Y - a +0 shortbow (weapon)
Armour
 c - a +0 leather armour (worn)
Jewellery
 f - a +4 ring of slaying (left hand) {mikee}
Scrolls
 e - a scroll of identify
Potions
 a - a potion of haste {unknown}
 d - a potion of magic {unknown}

Dungeon Overview and Level Annotations

Branches:
Dungeon (3/15)

Altars:

Annotations:
D:3 Grinder


Message History

You shoot an arrow. The arrow barely misses Grinder.
Grinder gestures at you. You resist with significant effort.
You shoot an arrow. The arrow hits Grinder.
Grinder is moderately wounded.
Grinder gestures at you. You resist with significant effort.
You shoot an arrow. The arrow closely misses Grinder.
Grinder says, "You look like you could use a good racking."
Grinder blinks!
You shoot an arrow.
The arrow hits Grinder but does no damage.
Grinder is moderately wounded.
You shoot an arrow. The arrow hits Grinder.
Grinder is moderately wounded.
You shoot an arrow. The arrow hits Grinder.
Grinder is moderately wounded.
Grinder gestures at you.
You suddenly lose the ability to move!
Grinder gestures at you. You resist with significant effort.
You can move again.
You shoot an arrow. The arrow hits Grinder.
Grinder is moderately wounded.
Grinder barely misses you.
You shoot an arrow. The arrow hits Grinder.
Grinder is heavily wounded.
Grinder hits you!
You writhe in agony.
You shoot an arrow. The arrow hits Grinder!
Grinder is severely wounded.
Grinder barely misses you.
You shoot an arrow.
The arrow hits Grinder but does no damage.
Grinder is severely wounded.
Grinder says, "I used to sell toenails on the black market."
Grinder closely misses you. Grinder hits you.
You shoot an arrow. The arrow hits Grinder!
Grinder is almost dead.
Grinder hits you.
You writhe in agony.
You die...

...+ ...# # ...# #.#. #..#
#.#. #..# ... #..#
#.####5.# ###### #.....@.#
#..... ##..###.# #.##..
#......# #.##..
##..#####.# #.##..
#.........# #.#...
#.##.###..# #.###.
##.##.###..#.######.###.
#...)........%.......##.
###.........##.##......##.


You could see Grinder.

Vanquished Creatures
  An adder (D:3)
  A dart slug (D:1)
  2 ball pythons (D:1)
  7 endoplasms
  3 giant cockroaches
  6 goblins
  3 hobgoblins
  2 jackals (D:1)
  8 kobolds
  2 quokkas
  8 bats
  A frilled lizard (D:1)
  4 rats
48 creatures vanquished.

Notes
Turn   | Place    | Note
-------+----------+-------------------------------------------
     0 | D:1      | qw the Naga Hunter began the quest for the Orb.
     0 | D:1      | Reached XP level 1. HP: 19/19 MP: 1/1
     0 | D:1      | 0 ||| qw: Version: 0.3-a-2-g5ab2908
     0 | D:1      | 0 ||| qw: Game counter: 140
     0 | D:1      | 0 ||| qw: Always use a shield: true
     0 | D:1      | 0 ||| qw: God list: Okawaru
     0 | D:1      | 0 ||| qw: Allow faded altars: false
     0 | D:1      | 0 ||| qw: Do Orc after D:15 true
     0 | D:1      | 0 ||| qw: Do second Lair branch before Depths: true
     0 | D:1      | 0 ||| qw: Lair rune preference: random
     0 | D:1      | 0 ||| qw: Plans: Normal
     0 | D:1      | 0 ||| PLANNING D:1-11
    69 | D:1      | 69 ||| INVOKING Spit Poison.
    74 | D:1      | 74 ||| INVOKING Spit Poison.
   107 | D:1      | 107 ||| INVOKING Spit Poison.
   112 | D:1      | 112 ||| INVOKING Spit Poison.
   114 | D:1      | Reached skill level 4 in Ranged Weapons
   114 | D:1      | Reached XP level 2. HP: 18/26 MP: 2/2
   197 | D:1      | 197 ||| INVOKING Spit Poison.
   217 | D:1      | 217 ||| INVOKING Spit Poison.
   218 | D:1      | 218 ||| INVOKING Spit Poison.
   222 | D:1      | 222 ||| INVOKING Spit Poison.
   272 | D:1      | 272 ||| INVOKING Spit Poison.
   313 | D:1      | 313 ||| INVOKING Spit Poison.
   406 | D:1      | 406 ||| INVOKING Spit Poison.
   410 | D:1      | 410 ||| INVOKING Spit Poison.
   533 | D:1      | 533 ||| INVOKING Spit Poison.
   662 | D:1      | 662 ||| UPGRADING to +4 ring of slaying {mikee}.
   663 | D:1      | 663 ||| DROPPING ring of magical power.
   664 | D:1      | 664 ||| READING scroll labelled OSOB CISKU.
   665 | D:1      | 665 ||| READING scroll labelled OTTAES PYSMU.
   666 | D:1      | 666 ||| DRINKING 2 white potions.
   770 | D:1      | 770 ||| DROPPING scroll of butterflies.
   771 | D:1      | 771 ||| DROPPING potion of berserk rage.
   809 | D:2      | 809 ||| INVOKING Spit Poison.
   812 | D:2      | 812 ||| STAIRDANCE
   814 | D:1      | 814 ||| INVOKING Spit Poison.
   817 | D:1      | 817 ||| INVOKING Spit Poison.
   863 | D:2      | 863 ||| INVOKING Spit Poison.
   864 | D:2      | Reached XP level 3. HP: 32/32 MP: 3/3
   892 | D:2      | 892 ||| INVOKING Spit Poison.
   949 | D:2      | 949 ||| INVOKING Spit Poison.
   973 | D:2      | 973 ||| INVOKING Spit Poison.
   982 | D:2      | 982 ||| INVOKING Spit Poison.
   993 | D:2      | 993 ||| INVOKING Spit Poison.
  1016 | D:2      | 1016 ||| INVOKING Spit Poison.
  1049 | D:2      | 1049 ||| INVOKING Spit Poison.
  1063 | D:2      | 1063 ||| INVOKING Spit Poison.
  1069 | D:2      | 1069 ||| INVOKING Spit Poison.
  1075 | D:2      | 1075 ||| INVOKING Spit Poison.
  1078 | D:2      | 1078 ||| INVOKING Spit Poison.
  1247 | D:2      | 1247 ||| INVOKING Spit Poison.
  1312 | D:2      | 1312 ||| READING scroll labelled BADUUXK EGEFOCS.
  1313 | D:2      | 1313 ||| READING scroll labelled WUBAIGUNWE.
  1318 | D:3      | Found a faded altar of an unknown god.
  1319 | D:3      | 1319 ||| Stepping randomly (stuck).
  1376 | D:3      | 1376 ||| INVOKING Spit Poison.
  1467 | D:3      | Reached skill level 5 in Ranged Weapons
  1467 | D:3      | Reached XP level 4. HP: 39/39 MP: 4/4
  1509 | D:3      | 1509 ||| INVOKING Spit Poison.
  1526 | D:3      | Noticed Grinder
  1527 | D:3      | Paralysed by Grinder for 4 turns
  1537 | D:3      | Paralysed by Grinder for 5 turns
  1543 | D:3      | HP: 9/39 [Grinder (10)]
  1546 | D:3      | HP: 4/39 [Grinder (3)]
  1546 | D:3      | Slain by Grinder

Levels and vault maps discovered:
D:1:      psy_arrival_statuary, layout_loops_ring, minmay_tromino_v4_b
D:2:      layout_rooms
D:3:      layout_basic, nzn_overflow_gifts_of_might_and_magic,
          nicolae_ecumenical_oubliette, kennysheep_potato, uniq_grinder

Skill      XL: |  1  2  3 |
---------------+----------+-----
Ranged Weapons | 4 5 |  5.0
Fighting       | |  2.1
Dodging        | |  1.5
Stealth        | |  1.5

Action                     |  1- 3 |  4- 6 || total
---------------------------+-------+-------++-------
   Fire: Shortbow          |    71 |    18 ||    89
Ability: Spit Poison       |    29 |     1 ||    30
    Use: Scroll            |     4 |       ||     4
         Potion            |     1 |       ||     1
 Armour: Leather armour    |     7 |       ||     7
  Dodge: Dodged            |    22 |     3 ||    25

Table legend:
 A = Non-vault XP
 B = Vault XP
 C = Vault XP percentage of total XP
 D = Non-vault monster count
 E = Vault monster count
 F = Vault count percentage of total count
                 A         B        C        D         E       F
            +---------+---------+-------+---------+---------+-------
      Total |      82 |       9 |   9.9 |      44 |       4 |   8.3
            +---------+---------+-------+---------+---------+-------
        D:1 |      28 |       5 |  15.2 |      19 |       2 |   9.5
        D:2 |      36 |       0 |   0.0 |      21 |       0 |   0.0
        D:3 |      18 |       4 |  18.2 |       4 |       2 |  33.3
            +---------+---------+-------+---------+---------+-------
